 Dungeon Crawl Stone Soup version 0.24-a0-581-gc0fa6600bf (webtiles) character file.

Game seed: 5566931085194289860

201 Eightlegvermin the Insei (level 5, -1/33 HPs)
             Began as an Octopode Transmuter on Aug 25, 2019.
             Succumbed to Edmund's poison
             ... on level 3 of the Dungeon.
             The game lasted 00:08:31 (3470 turns).

Eightlegvermin the Insei (Octopode Transmuter)      Turns: 3470, Time: 00:08:35

Health: -1/33      AC:  1    Str:  9    XL:     5   Next: 79%
Magic:  8/8        EV: 16    Int: 15    God:
Gold:   115        SH:  0    Dex: 14    Spells: 2/8 levels left

rFire    . . .     SeeInvis .     - Unarmed
rCold    . . .     Gourm    .   (no shield)
rNeg     . . .     Faith    .   (helmet restricted)
rPois    .         Spirit   .   (no amulet)
rElec    .         Reflect  .   e - +3 ring of evasion
rCorr    .         Harm     .   (no ring)
MR       .....                  (no ring)
Stlth    ++........             (no ring)
HPRegen  0.11/turn              (no ring)
MPRegen  0.11/turn              (no ring)
                                (no ring)
                                (no ring)

@: confused, lethally poisoned (-1 -> -32)
A: almost no armour, stealthy swim, amphibious, 8 rings, constrict 8, camouflage
1, gelatinous body 1
a: no special abilities


You were on level 3 of the Dungeon.
You were not hungry.

You visited 1 branch of the dungeon, and saw 4 of its levels.

You collected 115 gold pieces.

Inventory:

Missiles
 a - 67 arrows
Jewellery
 e - a +3 ring of evasion (left tentacle)
Wands
 n - a wand of random effects (13)
 s - a wand of iceblast (8)
Scrolls
 b - a scroll of amnesia {unknown}
 f - 3 scrolls of random uselessness {unknown}
 i - a scroll of fear {unknown}
 j - a scroll of fog {unknown}
 k - 2 scrolls of identify {unknown}
 m - a scroll of remove curse {unknown}
 p - a scroll of noise {unknown}
 r - a scroll of blinking {unknown}
 t - 2 scrolls of teleportation {unknown}
Potions
 d - 2 potions of might {unknown}
 g - a potion of heal wounds {unknown}
 h - a potion of flight {unknown}
 l - 2 potions of degeneration {unknown}
 o - a potion of resistance {unknown}
 q - a potion of curing {unknown}
Comestibles
 c - 6 rations


   Skills:
 - Level 1.0 Fighting
 - Level 2.0 Dodging
 - Level 3.0 Stealth
 + Level 4.2 Unarmed Combat
 - Level 2.1 Spellcasting
 * Level 3.8 Transmutations
 + Level 1.8 Poison Magic


You had 2 spell levels left.
You knew the following spells:

 Your Spells              Type           Power        Failure   Level  Hunger
a - Beastly Appendage     Tmut           ##....       4%          1    #......
b - Sticks to Snakes      Tmut           ##......     7%          2    ###....
c - Spider Form           Tmut/Pois      ##........   21%         3    ###....

Your spell library contained the following spells:

 Spells                   Type           Power        Failure   Level  Hunger
 Animate Skeleton         Necr           N/A          22%         1    #......
 Pain                     Necr           #...         22%         1    #......
 Regeneration             Chrm/Necr      #.........   54%         3    ###....
 Vampiric Draining        Necr           #.........   54%         3    ###....
 Ice Form                 Ice/Tmut       #.......     69%         4    #####..
 Blade Hands              Tmut           ##........   77%         5    ######.
 Animate Dead             Necr           N/A          91%         4    #####..


Dungeon Overview and Level Annotations

Branches:
Dungeon (4/15)
 Temple: D:4-7

Altars:

Annotations:
D:3 exclusion: downstairs, Edmund
D:4 Pikel


Innate Abilities, Weirdness & Mutations

You cannot wear most types of armour.
You are very stealthy in the water. (Stealth+)
You are amphibious.
You can wear up to eight rings at the same time.
You can use your tentacles to constrict eight enemies at once.
Your skin changes colour to match your surroundings (Stealth+).
Your rubbery body absorbs attacks. (AC +1, EV +1)


Message History

There is a stone staircase leading up, spattered with blood here.
You feel sick.
The orc shouts!
Edmund closely misses you.
The orc wizard gestures at you while chanting.
You are confused.
In your confused state, you trip and fall back down the stairs.
You feel sick.
The slave shouts!
You hear a shout!
The giant cockroach closely misses you.
The orc wizard hits you with a +0 dagger.
Edmund hits you but does no damage.
You feel sick. The giant cockroach barely misses you.
The orc wizard barely misses you.
Edmund hits you with a +1 dire flail of venom!
* * * LOW HITPOINT WARNING * * *
You are more poisoned.
You climb upwards.
Level annotation: exclusion: downstairs You die...

..(##.# #.#
...##.############ #.#
.#.##.##.........# #.#
.#.##.##.#######.# #.#
.####.##.##....#.# #.#
.......#.##.##.#.# #.#
########.##.#..#.# #.#
.......#.##.#..#@# #.#
######.#.#.....#@# #.#
#.#.#..####o#########.##
#.#.#......s#..........#
#.#.#)#######.##########
#.#.........#.#
######'###.#####.#.#
...........###.#.#.#
...............#.#.#
..........####.#.#.#


You could see Edmund, an orc wizard and a giant cockroach.

Vanquished Creatures
  A hound (D:3)
  Jessica (D:3)
  An orc wizard (D:3)
  3 adders
  An ooze (D:3)
  A worm (D:2)
  2 dart slugs
  A leopard gecko (D:3)
  6 orcs (D:3)
  4 giant cockroaches
  8 hobgoblins
  7 jackals
  3 quokkas (D:3)
  6 bats
  6 frilled lizards
  11 goblins
  4 kobolds
  7 rats
73 creatures vanquished.

Notes
Turn   | Place    | Note
-------+----------+-------------------------------------------
     0 | D:1      | Eightlegvermin the Octopode Transmuter began the quest for
                  | the Orb.
     0 | D:1      | Reached XP level 1. HP: 13/13 MP: 3/3
   156 | D:1      | Reached XP level 2. HP: 14/18 MP: 5/5
   380 | D:1      | Reached skill level 1 in Stealth
   476 | D:1      | Reached XP level 3. HP: 23/23 MP: 6/6
   480 | D:1      | Learned a level 2 spell: Sticks to Snakes
   484 | D:1      | Learned a level 3 spell: Spider Form
  1270 | D:2      | Reached XP level 4. HP: 28/28 MP: 5/7
  1728 | D:3      | Reached skill level 4 in Unarmed Combat
  1899 | D:3      | Reached skill level 1 in Poison Magic
  1903 | D:3      | Reached XP level 5. HP: 28/33 MP: 8/8
  2329 | D:3      | Noticed Jessica
  2334 | D:3      | Killed Jessica
  3444 | D:4      | Noticed Pikel
  3444 | D:4      | Noticed a slave
  3444 | D:4      | Noticed a slave
  3444 | D:4      | Noticed a slave
  3444 | D:4      | Noticed a slave
  3444 | D:4      | Noticed Edmund
  3470 | D:3      | Succumbed to Edmund's poison

Levels and vault maps discovered:
D:1:      nicolae_arrival_washed_ashore, layout_rooms, minmay_box_of_dots
D:2:      layout_basic
D:3:      layout_basic, uniq_jessica
D:4:      layout_cave_pools, gammafunk_ghost_arena, enter_ossuary_4, uniq_pikel,
          uniq_edmund

Skill      XL: |  1  2  3  4 |
---------------+-------------+-----
Stealth        | 1 2 3 |  3.0
Unarmed Combat | 4 |  4.2
Transmutations | 3 |  3.8
Poison Magic   | 1 |  1.8
Fighting       | |  1.0
Dodging        | |  2.0
Spellcasting   | |  2.1

Action                   |  1- 3 |  4- 6 || total
-------------------------+-------+-------++-------
Melee: Unarmed           |    59 |    78 ||   137
       Constrict         |    15 |    17 ||    32
       Kick              |     9 |    10 ||    19
       Tentacles         |     4 |    10 ||    14
 Cast: Beastly Appendage |    15 |    14 ||    29
       Spider Form       |     2 |     3 ||     5
 Stab: Sleeping          |     7 |     9 ||    16
  Eat: Chunk             |     2 |     5 ||     7
       Ration            |       |     1 ||     1
Armor: Skin              |     7 |     6 ||    13
Dodge: Dodged            |    37 |    66 ||   103

Table legend:
 A = Non-vault XP
 B = Vault XP
 C = Vault XP percentage of total XP
 D = Non-vault monster count
 E = Vault monster count
 F = Vault count percentage of total count
                 A         B        C        D         E       F
            +---------+---------+-------+---------+---------+-------
      Total |     245 |      43 |  14.9 |      69 |       4 |   5.5
            +---------+---------+-------+---------+---------+-------
        D:1 |      37 |       6 |  14.0 |      22 |       3 |  12.0
        D:2 |      49 |       0 |   0.0 |      15 |       0 |   0.0
        D:3 |     159 |      37 |  18.9 |      32 |       1 |   3.0
            +---------+---------+-------+---------+---------+-------
